 Dungeon Crawl Stone Soup version 0.26.0-16-gc1dbca0489 (webtiles) character file.

Game seed: 526860829101346453

88 thiole the Sneak (level 4, -1/27 HPs)
             Began as an Octopode Hedge Wizard on Jan 21, 2021.
             Slain by a quokka (4 damage)
             ... on level 3 of the Dungeon.
             The game lasted 00:03:01 (2152 turns).

thiole the Sneak (Octopode Hedge Wizard)            Turns: 2152, Time: 00:03:02

Health: -1/27      AC:  1    Str:  9    XL:     4   Next: 53%
Magic:  9/9        EV: 13    Int: 17    God:
Gold:   41         SH:  0    Dex: 11    Spells: 1/9 levels left

rFire    . . .     SeeInvis .   a - +0 dagger
rCold    . . .     Faith    .   (no shield)
rNeg     . . .     Spirit   .   b - +0 hat
rPois    .         Reflect  .   (no amulet)
rElec    .         Harm     .   (no ring)
rCorr    .         Rampage  .   (no ring)
Will     .....                  (no ring)
Stlth    +++.......             (no ring)
HPRegen  0.09/turn              (no ring)
MPRegen  0.11/turn              (no ring)
                                (no ring)
                                (no ring)

@: flying, slowed, very slow
A: almost no armour, stealthy swim, amphibious, 8 rings, constrict 8, camouflage
1, gelatinous body 1
a: no special abilities


You were on level 3 of the Dungeon.
You visited 1 branch of the dungeon, and saw 3 of its levels.

You collected 41 gold pieces.

Inventory:

Hand Weapons
 a - a +0 dagger (weapon)
Armour
 b - a +0 hat (worn)
Jewellery
 j - an uncursed amulet of faith {unknown}
Scrolls
 c - a scroll of fog
 f - a scroll of teleportation {unknown}
 g - a scroll of magic mapping {unknown}
 i - a scroll of remove curse {unknown}
 k - a scroll of identify {unknown}
Potions
 d - a potion of heal wounds {unknown}
 e - a potion of flight
 h - 2 potions of mutation {unknown}


   Skills:
 - Level 2.0 Dodging
 + Level 3.8 Stealth
 + Level 3.4 Spellcasting
 - Level 2.0 Conjurations
 + Level 0.7 Hexes
 - Level 2.0 Summonings
 - Level 1.0 Translocations
 * Level 1.1 Air Magic


You had one spell level left.
You knew the following spells:

 Your Spells              Type           Power        Failure   Level
a - Magic Dart            Conj           36%          8%          1
b - Call Imp              Summ           9%           11%         2
c - Slow                  Hex            5%           19%         2
d - Mephitic Cloud        Conj/Pois/Air  6%           32%         3

Your spell library contained the following spells:

 Spells                   Type           Power        Failure   Level
 Blink                    Tloc           N/A          17%         2
 Conjure Flame            Conj/Fire      6%           32%         3


Dungeon Overview and Level Annotations

Branches:
Dungeon (3/15)

Altars:

Annotations:
D:2 Robin, Sigmund


Innate Abilities, Weirdness & Mutations

You cannot wear most types of armour.
You are very stealthy in the water. (Stealth+)
You are amphibious.
You can wear up to eight rings at the same time.
You can use your tentacles to constrict eight enemies at once.
Your skin changes colour to match your surroundings (Stealth+).
Your rubbery body absorbs attacks. (AC +1, EV +1)


Message History

You constrict Jessica. The quokka misses you.
Jessica zaps a wand.
The puff of flame hits you!
You hit Jessica but do no damage.
Jessica is almost dead.
You constrict Jessica. The quokka bites you.
* * * LOW HITPOINT WARNING * * *
The quokka bites you.
* * * LOW HITPOINT WARNING * * *
Jessica casts a spell at you.
You feel yourself slow down.
It was a potion of flight.
You feel very buoyant.
You fly up into the air.
You constrict Jessica.
You kill Jessica!
The quokka closely misses you.
Your Air Magic skill increases to level 1!
You hit the quokka. You grab the quokka. Your squeeze misses the quokka.
The quokka is moderately wounded.
You constrict the quokka. The quokka bites you.
You die...

#. ##.. ###..#####
#...##...## ##
###...#!.r@)# ^.
.....#!....# ..
#...#.....# ##.
#...##...## ..
#.#..##'##..#
#.#####.##........#
#.#...............#
#...###.###..##..##
#..#.###.# ##.# #.#


You could see a quokka.

Vanquished Creatures
  Jessica (D:3)
  2 adders (D:2)
  An ooze (D:1)
  2 worms
  4 leopard geckos
  A bat (D:3)
  3 goblins
  5 hobgoblins
  3 frilled lizards
  6 kobolds
  6 rats
34 creatures vanquished.

Vanquished Creatures (others)
  9 toadstools (D:3)
9 creatures vanquished.

Grand Total: 43 creatures vanquished

Notes
Turn   | Place    | Note
-------+----------+-------------------------------------------
     0 | D:1      | thiole the Octopode Hedge Wizard began the quest for the
                  | Orb.
     0 | D:1      | Reached XP level 1. HP: 11/11 MP: 4/4
   446 | D:1      | Reached XP level 2. HP: 17/17 MP: 3/6
  1292 | D:2      | Reached XP level 3. HP: 21/21 MP: 2/7
  1401 | D:2      | Noticed Robin
  1682 | D:2      | Learned a level 2 spell: Call Imp
  1685 | D:2      | Learned a level 2 spell: Slow
  1689 | D:2      | Learned a level 3 spell: Mephitic Cloud
  1737 | D:2      | Noticed Sigmund
  1932 | D:3      | Reached XP level 4. HP: 27/27 MP: 1/8
  2140 | D:3      | Noticed Jessica
  2151 | D:3      | Killed Jessica
  2152 | D:3      | Reached skill level 1 in Air Magic
  2152 | D:3      | Slain by a quokka

Illustrated notes

Levels and vault maps discovered:
D:1:      lightli_arrival_windingriver, layout_basic
D:2:      layout_basic, uniq_sigmund, uniq_robin
D:3:      cheibrodos_fertilizer, layout_loops_ring,
          grunt_temple_overflow_diamond, kennysheep_jessica_study

Skill      XL: |  1  2  3  4 |
---------------+-------------+-----
Stealth        | 3 |  3.8
Conjurations   | 2 |  2.0
Summonings     | 2 |  2.0
Air Magic      | 1 |  1.1
Dodging        | |  2.0
Spellcasting   | |  3.4
Hexes          | |  0.7
Translocations | |  1.0

Action                   |  1- 3 |  4- 6 || total
-------------------------+-------+-------++-------
Melee: Dagger            |    22 |     8 ||    30
       Constrict         |     7 |     3 ||    10
       Tentacles         |     3 |     2 ||     5
 Cast: Magic Dart        |    70 |     6 ||    76
       Call Imp          |     1 |       ||     1
  Use: Scroll            |     1 |       ||     1
       Potion            |       |     1 ||     1
Dodge: Dodged            |    12 |    12 ||    24
